 Dungeon Crawl Stone Soup version 0.26-a0-1060-g086102a3f0 (webtiles) character file.

Game seed: 17573826140474294887

2348 stormannn the Thaumaturge (level 9, -12/45 HPs)
             Began as a Deep Elf Conjurer on Dec 13, 2020.
             Was a Follower of Vehumet.
             Killed themself with a badly aimed blast of energy (27 damage)
             ... on level 7 of the Dungeon.
             The game lasted 00:30:56 (9439 turns).

stormannn the Thaumaturge (Deep Elf Conjurer)       Turns: 9439, Time: 00:30:57

Health: -12/45     AC:  4    Str:  4    XL:     9   Next: 20%
Magic:  13/24      EV: 21    Int: 27    God:    Vehumet [*.....]
Gold:   366        SH:  0    Dex: 13    Spells: 12/27 levels left

rFire    . . .     SeeInvis .   i - +1 whip (vamp)
rCold    . . .     Faith    .   (no shield)
rNeg     . . .     Spirit   .   u - +2 robe
rPois    .         Reflect  .   g - +0 hat
rElec    .         Harm     .   (no cloak)
rCorr    .         Rampage  .   (no gloves)
Will     .....                  (no boots)
Stlth    ++........             (no amulet)
HPRegen  0.15/turn              x - +4 ring of evasion
MPRegen  0.19/turn              (no ring)

@: no status effects
A: no striking features
a: Renounce Religion


You were on level 7 of the Dungeon.
You worshipped Vehumet.
Vehumet was aware of your devotion.
You visited 2 branches of the dungeon, and saw 8 of its levels.

You collected 366 gold pieces.

Inventory:

Hand Weapons
 i - a +1 vampiric whip (weapon)
Armour
 g - a +0 hat (worn)
 u - a +2 robe (worn)
Jewellery
 x - a +4 ring of evasion (left hand)
Wands
 m - a wand of flame (15)
 p - a wand of random effects (13)
Scrolls
 c - a scroll of noise
 d - 2 scrolls of amnesia
 e - 2 scrolls of teleportation
 h - 3 scrolls of identify
 j - 2 scrolls of remove curse
 t - a scroll of immolation
 w - 2 scrolls of magic mapping
Potions
 a - a potion of cancellation {unknown}
 b - a potion of magic {unknown}
 l - a potion of ambrosia
 n - a potion of might
 o - 2 potions of flight {unknown}
 q - 2 potions of invisibility {unknown}
 r - a potion of heal wounds
 s - a potion of brilliance {unknown}
 v - a potion of curing
 z - a potion of haste


   Skills:
 + Level 8.9 Dodging
 - Level 2.4 Stealth
 + Level 9.8 Spellcasting
 + Level 9.0 Conjurations


You had 12 spell levels left.
You knew the following spells:

 Your Spells              Type           Power        Failure   Level
a - Magic Dart            Conj           ####         1%          1
b - Searing Ray           Conj           ######       1%          2
c - Dazzling Flash        Conj/Hex       #####.       1%          3
d - Freeze                Ice            ##..         4%          1
e - Fulminant Prism       Conj/Hex       #####.....   7%          4
f - Iskenderun's Mystic   Conj/Tloc      #####...     7%          4

Your spell library contained the following spells:

 Spells                   Type           Power        Failure   Level


Dungeon Overview and Level Annotations

Branches:
Dungeon (7/15)             Temple (1/1) D:4

Altars:
Ashenzari
Cheibriados
Dithmenos
Elyvilon
Fedhas
Gozag
Hepliaklqana
Kikubaaqudgha
Makhleb
Nemelex Xobeh
Okawaru
Qazlal
Ru
Sif Muna
Trog
Uskayaw
Vehumet
Wu Jian
Xom
Yredelemnul
Zin
The Shining One

Shops:
D:6 }*

Annotations:
D:2 exclusion: downstairs
D:3 2 transporters, Eryximachus's ghost, amateur OpTm
D:5 2 transporters, Pikel
D:6 exclusion: downstairs
D:7 Maggie


Message History

Your fulminant prism explodes!
The blast of energy engulfs Maggie!
Maggie is lightly wounded.
The blast of energy engulfs your fulminant prism!
Your fulminant prism detonates feebly.
The bolt of fire hits you!!
There is an open door here.
Casting: Fulminant Prism (dangerous; 7% risk of failure)
Confirm with . or Enter, or press ? or * to list all spells.
Aiming: Fulminant Prism (dangerous; 7% risk of failure)
Press: ? - help, Dir - move target You conjure a prism of explosive energy!
A fulminant prism comes into view.
Your fulminant prism crackles loudly.
Found 12 gold pieces.
Something hits your fulminant prism!
Your fulminant prism explodes!
The blast of energy engulfs you!!
Ouch! That really hurt!
You die...

#........#
#..##.#
#........#
#...#.#
#........#
#.#.#.#
#........#
#.#.#'###
#........#
#.#.....#
#....#+###
#.#.....#
#....
#.#.....#
#+#.#'###
#.@....#@#
........#.#
..........#
.......#..#
..######.[#
. ..># ...#
..$.#


There were no monsters in sight!

Vanquished Creatures
  Prince Ribbit (D:6)
  Grinder (D:4)
  Eustachio (D:5)
  Menkaure (D:5)
  Duvessa (D:4)
  An orc warrior (D:6)
  An ice beast (D:6)
  2 phantoms
  An ogre (D:7)
  4 centaurs
  A lemure (D:4)
  A big kobold (D:7)
  Blork the orc (D:4)
  Dowan (D:4)
  A bullfrog zombie (D:6)
  2 orc priests
  2 hounds
  A centaur skeleton (D:7)
  3 orc wizards
  Ijyb (D:3)
  An iguana (D:7)
  2 worker ants (D:5)
  11 adders
  A shadow imp (D:6)
  A white imp (D:5)
  A worm (D:4)
  An adder skeleton (D:4)
  A dart slug (D:1)
  5 leopard geckos
  22 orcs
  A ball python (D:3)
  4 giant cockroaches
  11 goblins
  8 hobgoblins
  10 jackals
  3 quokkas
  13 bats
  5 frilled lizards
  12 kobolds
  A leopard gecko skeleton (D:4)
  11 rats
  A fulminant prism (D:7)
154 creatures vanquished.

Vanquished Creatures (others)
  2 fulminant prisms (D:7)
  35 plants (D:2)
37 creatures vanquished.

Grand Total: 191 creatures vanquished

Notes
Turn   | Place    | Note
-------+----------+-------------------------------------------
     0 | D:1      | stormannn the Deep Elf Conjurer began the quest for the
                  | Orb.
     0 | D:1      | Reached XP level 1. HP: 10/10 MP: 6/6
   311 | D:1      | Reached XP level 2. HP: 15/15 MP: 4/8
  1300 | D:2      | Reached XP level 3. HP: 19/19 MP: 8/10
  1383 | D:2      | Reached skill level 5 in Conjurations
  1400 | D:2      | Reached XP level 4. HP: 13/24 MP: 1/12
  1640 | D:2      | Found a sparkling altar of Nemelex Xobeh.
  1668 | D:2      | Learned a level 2 spell: Searing Ray
  2540 | D:3      | Noticed Ijyb
  2571 | D:3      | Reached XP level 5. HP: 23/28 MP: 5/14
  2720 | D:3      | HP: 1/28 [Ijyb/puff of flame (10)]
  3374 | D:2      | Reached skill level 5 in Spellcasting
  4218 | D:3      | Killed Ijyb
  4513 | D:3      | Found a transporter.
  4517 | D:3      | Found a transporter.
  4517 | D:3      | Noticed Eryximachus's ghost (amateur OpTm)
  4723 | D:4      | Reached XP level 6. HP: 32/32 MP: 6/16
  4897 | D:4      | Noticed Grinder
  4906 | D:4      | Paralysed by Grinder for 2 turns
  4915 | D:4      | Killed Grinder
  4916 | D:4      | Reached skill level 5 in Dodging
  5181 | D:4      | Noticed Blork the orc
  5189 | D:4      | Killed Blork the orc
  5190 | D:4      | Reached XP level 7. HP: 36/36 MP: 9/18
  5252 | D:4      | Found an opulent altar of Gozag.
  5304 | D:4      | Noticed Duvessa
  5304 | D:4      | Noticed Dowan
  5330 | D:4      | Killed Duvessa
  5333 | D:4      | Killed Dowan
  5700 | D:4      | Found a staircase to the Ecumenical Temple.
  5861 | Temple   | Entered the Ecumenical Temple
  6001 | Temple   | Became a worshipper of Vehumet
  6017 | Temple   | Learned a level 3 spell: Dazzling Flash
  6081 | D:5      | Entered Level 5 of the Dungeon
  6362 | D:5      | Noticed Eustachio
  6376 | D:5      | Killed Eustachio
  6377 | D:5      | Noticed Menkaure
  6449 | D:5      | Killed Menkaure
  6450 | D:5      | Reached XP level 8. HP: 38/41 MP: 15/21
  6981 | D:5      | Found a transporter.
  7038 | D:5      | Found a transporter.
  7130 | D:5      | Found a white marble altar of Elyvilon.
  7361 | D:5      | Noticed Pikel
  8604 | D:6      | Reached * piety under Vehumet
  8604 | D:6      | Offered knowledge of Freeze by Vehumet.
  8658 | D:6      | Learned a level 1 spell: Freeze
  8663 | D:6      | Learned a level 4 spell: Fulminant Prism
  8668 | D:6      | Learned a level 4 spell: Iskenderun's Mystic Blast
  8673 | D:6      | Found Waady's Elemental Accessories.
  8704 | D:6      | Found Upoypt's Gadget Shop.
  8735 | D:6      | Noticed Prince Ribbit
  8760 | D:6      | Killed Prince Ribbit
  8839 | D:6      | Reached XP level 9. HP: 45/45 MP: 17/24
  9136 | D:7      | Noticed a troll
  9431 | D:7      | Noticed Maggie
  9439 | D:7      | Killed themself with a badly aimed blast of energy

Illustrated notes

Levels and vault maps discovered:
D:1:      sevenhm_arrival_forest_fort_large_4, layout_loops_cross
D:2:      layout_loops_cross, nicolae_overflow_crystal_walls, minmay_hedge_maze,
          serial_bayou_lagoon_a, chequers_serial_rivers_room_a
D:3:      layout_basic, gammafunk_ghost_mausoleum, serial_park_tiny_2, uniq_ijyb
D:4:      layout_cave_pools, minmay_temple_entry_nine_rooms,
          nicolae_gozag_seed_capital, uniq_blork_the_orc, uniq_grinder,
          uniq_duvessa
D:5:      gammafunk_wand_slinger, layout_basic, kennysheep_mini,
          glass_columns_a, uniq_menkaure, uniq_eustachio, uniq_pikel
D:6:      layout_basic, serial_shops, shop, nicolae_elemental_shop,
          uniq_prince_ribbit1
D:7:      layout_basic, uniq_maggie
Temple:   regret_index_temple_chain_breaker

Skill      XL: |  1  2  3  4  5  6  7  8  9 |
---------------+----------------------------+-----
Dodging        | 3 4 5 6 8 |  8.9
Spellcasting   | 4 5 6 7 9 |  9.8
Conjurations   | 5 6 7 8 9 |  9.0
Stealth        | |  2.4

Action                   |  1- 3 |  4- 6 |  7- 9 || total
-------------------------+-------+-------+-------++-------
Melee: Short sword       |     5 |     3 |       ||     8
       Whip              |       |       |     5 ||     5
 Cast: Magic Dart        |    66 |   156 |   128 ||   350
       Searing Ray       |       |     6 |    30 ||    36
       Dazzling Flash    |       |       |     1 ||     1
       Fulminant Prism   |       |       |     3 ||     3
  Use: Potion            |     2 |     2 |     1 ||     5
       Scroll            |       |       |     9 ||     9
Armor: Robe              |     7 |     3 |     4 ||    14
Dodge: Dodged            |     6 |    42 |    51 ||    99

Table legend: (Time is in decaauts)
 A = Elapsed time spent in this place.
 B = Non-inter-level travel time spent in this place.
 C = Inter-level travel time spent in this place.
 D = Time resting spent in this place.
 E = Time spent auto-exploring this place.
 F = Levels seen in this place.
 G = Mean time per level.
                   A        B        C        D        E       F      G
               +--------+--------+--------+--------+--------+-----+--------+
         Total |   9440 |   8984 |    456 |   4519 |   3306 |   8 | 1180.0 |
       Dungeon |   9283 |   8862 |    421 |   4519 |   3191 |   7 | 1326.1 |
        Temple |    156 |    121 |     35 |      0 |    115 |   1 |  156.0 |
               +--------+--------+--------+--------+--------+-----+--------+

Top non-repeatable levels by time:
     D:2: 2082 daAuts
     D:5: 1473 daAuts
     D:3: 1443 daAuts
     D:6: 1337 daAuts
     D:4: 1309 daAuts
     D:1: 1291 daAuts
     D:7: 345 daAuts
  Temple: 156 daAuts
